TOP OF THE 1ST |
Jersey Shore D-Bags batting - Pitching for Kenilworth Aces : RHP Scot MacIntosh
|
Pitching: RHP Scot MacIntosh
|
|
Batting: LHB José Delgado
|
0-0: Ball 1-0: Ball 2-0: Foul Ball, location: 2F 2-1: Foul Ball, location: 2F 2-2: Strikes out swinging
|
Batting: RHB Ricardo González
|
0-0: Ball 1-0: Called Strike 1-1: Fly out, F7 (Flyball, 7LS)
|
Batting: LHB Dave Dodd
|
0-0: Ball 1-0: Ground out 5-3 (Groundball, 56)
|
Top of the 1st over - 0 runs, 0 hits, 0 errors, 0 left on base; Jersey Shore 0 - Kenilworth 0 |
BOTTOM OF THE 1ST |
Kenilworth Aces batting - Pitching for Jersey Shore D-Bags : RHP Tom Cunningham
|
Pitching: RHP Tom Cunningham
|
|
Batting: LHB Barrett Waters
|
0-0: Called Strike 0-1: Fly out, F7 (Flyball, 7LMF)
|
Batting: RHB Andrés Lara
|
0-0: Ball 1-0: Called Strike 1-1: Ground out 5-3 (Groundball, 56S)
|
Batting: LHB Santiago Márquez
|
0-0: Ball 1-0: Ball 2-0: Ball 3-0: Called Strike 3-1: Foul Ball, location: 2F 3-2: Foul Ball, location: 2F 3-2: Base on Balls
|
Batting: LHB Roy Patrick
|
0-0: Foul Ball, location: 2F 0-1: Foul Ball, location: 2F 0-2: Ball 1-2: Fly out, F8 (Flyball, 8RS)
|
Bottom of the 1st over - 0 runs, 0 hits, 0 errors, 1 left on base; Jersey Shore 0 - Kenilworth 0 |
TOP OF THE 2ND |
Jersey Shore D-Bags batting - Pitching for Kenilworth Aces : RHP Scot MacIntosh
|
Batting: RHB Tetsunori Ito
|
0-0: Ball 1-0: Foul Ball, location: 2F 1-1: Ground out 6-3 (Groundball, 6)
|
Batting: LHB António Cedeño
|
0-0: Ball 1-0: Foul Ball, location: 2F 1-1: Called Strike 1-2: Ball 2-2: Ball 3-2: Base on Balls
|
Batting: RHB Ben Morton
|
0-0: Foul Ball, location: 2F 0-1: DOUBLE (Flyball, 78XD) António Cedeño to third
|
Batting: LHB Ray Bryant
|
0-0: Ball 1-0: Ball 2-0: Ground out 1-3 (Groundball, 13)
|
Batting: RHB Francisco Sandoval
|
0-0: Swinging Strike 0-1: Ball 1-1: Ball 2-1: Fly out, F4 (Popup, 4D)
|
Top of the 2nd over - 0 runs, 1 hit, 0 errors, 2 left on base; Jersey Shore 0 - Kenilworth 0 |
BOTTOM OF THE 2ND |
Kenilworth Aces batting - Pitching for Jersey Shore D-Bags : RHP Tom Cunningham
|
Batting: SHB Julián Madrid
|
0-0: Swinging Strike 0-1: Ground out U3 (Groundball, 3)
|
Batting: RHB Jorge Jiménez
|
0-0: Called Strike 0-1: Ball 1-1: Ball 2-1: Ball 3-1: Foul Ball, location: 2F 3-2: Ground out U3 (Groundball, 34)
|
Batting: RHB Wilbert Rodgers
|
0-0: Called Strike 0-1: Ball 1-1: Foul Ball, location: 2F 1-2: Ball 2-2: Strikes out looking
|
Bottom of the 2nd over - 0 runs, 0 hits, 0 errors, 0 left on base; Jersey Shore 0 - Kenilworth 0 |
TOP OF THE 3RD |
Jersey Shore D-Bags batting - Pitching for Kenilworth Aces : RHP Scot MacIntosh
|
Batting: RHB Tyler Wagner
|
0-0: Called Strike 0-1: Ball 1-1: Called Strike 1-2: Foul Ball, location: 2F 1-2: Ball 2-2: Strikes out swinging
|
Batting: LHB José Delgado
|
0-0: Foul Ball, location: 2F 0-1: Ball 1-1: Swinging Strike 1-2: Ball 2-2: SINGLE (Line Drive, 5D)
|
Batting: RHB Ricardo González
|
0-0: Swinging Strike 0-1: Fly out, F7 (Line Drive, 7D) Runner from 1st tags up, SAFE at 2nd
|
Batting: LHB Dave Dodd
|
0-0: Foul Ball, location: 2F 0-1: Fly out, F8 (Flyball, 8LS)
|
Top of the 3rd over - 0 runs, 1 hit, 0 errors, 1 left on base; Jersey Shore 0 - Kenilworth 0 |
BOTTOM OF THE 3RD |
Kenilworth Aces batting - Pitching for Jersey Shore D-Bags : RHP Tom Cunningham
|
Batting: LHB Jim Jensen
|
0-0: Ball 1-0: Called Strike 1-1: Ground out 4-3 (Groundball, 4)
|
Batting: RHB Taylor McFarland
|
0-0: Ground out 4-3 (Groundball, 4S)
|
Batting: LHB Barrett Waters
|
0-0: Called Strike 0-1: SINGLE (Groundball, 6D)
|
Batting: RHB Andrés Lara
|
0-0: Ball Barrett Waters steals 2nd base 1-0: Ball 2-0: Ball 3-0: Foul Ball, location: 2F 3-1: Foul Ball, location: 2F 3-2: Base on Balls
|
Batting: LHB Santiago Márquez
|
0-0: SINGLE (Groundball, 34D) Barrett Waters to third Andrés Lara to second Runner from 3rd tries for Home, SAFE, no throw
|
Batting: LHB Roy Patrick
|
0-0: Ball Wild Pitch! Andrés Lara to third Santiago Márquez to second 1-0: Called Strike 1-1: Called Strike 1-2: Foul Ball, location: 2F 1-2: Foul Ball, location: 2F 1-2: 3-RUN HOME RUN (Flyball, 7D), Distance : 393 ft
|
Batting: SHB Julián Madrid
|
0-0: Foul Ball, location: 2F 0-1: Ground out 3-1 (Groundball, 34S)
|
Bottom of the 3rd over - 4 runs, 3 hits, 0 errors, 0 left on base; Jersey Shore 0 - Kenilworth 4 |
TOP OF THE 4TH |
Jersey Shore D-Bags batting - Pitching for Kenilworth Aces : RHP Scot MacIntosh
|
Batting: RHB Tetsunori Ito
|
0-0: Ball 1-0: Ground out 4-3 (Groundball, 4)
|
Batting: LHB António Cedeño
|
0-0: Ball 1-0: Called Strike 1-1: Ball 2-1: DOUBLE (Line Drive, 3D)
|
Batting: RHB Ben Morton
|
0-0: Ball 1-0: Called Strike 1-1: Fly out, F3 (Popup, 3SF)
|
Batting: LHB Ray Bryant
|
0-0: Called Strike 0-1: Foul Ball, location: 2F 0-2: 2-RUN HOME RUN (Flyball, 9D), Distance : 385 ft
|
Batting: RHB Francisco Sandoval
|
0-0: Foul Ball, location: 2F 0-1: Fly out, F8 (Flyball, 8RD)
|
Top of the 4th over - 2 runs, 2 hits, 0 errors, 0 left on base; Jersey Shore 2 - Kenilworth 4 |
BOTTOM OF THE 4TH |
Kenilworth Aces batting - Pitching for Jersey Shore D-Bags : RHP Tom Cunningham
|
Batting: RHB Jorge Jiménez
|
0-0: Called Strike 0-1: Swinging Strike 0-2: Ball 1-2: Ball 2-2: Foul Ball, location: 2F 2-2: Foul Ball, location: 2F 2-2: Ground out 4-3 (Groundball, 4)
|
Batting: RHB Wilbert Rodgers
|
0-0: Swinging Strike 0-1: Called Strike 0-2: Ball 1-2: Ball 2-2: Foul Ball, location: 2F 2-2: Strikes out swinging
|
Batting: LHB Jim Jensen
|
0-0: Swinging Strike 0-1: Ball 1-1: Foul Ball, location: 2F 1-2: Ground out U3 (Groundball, 3L)
|
Bottom of the 4th over - 0 runs, 0 hits, 0 errors, 0 left on base; Jersey Shore 2 - Kenilworth 4 |
TOP OF THE 5TH |
Jersey Shore D-Bags batting - Pitching for Kenilworth Aces : RHP Scot MacIntosh
|
Batting: RHB Tyler Wagner
|
0-0: Foul Ball, location: 2F 0-1: Swinging Strike 0-2: Ball 1-2: Strikes out swinging
|
Batting: LHB José Delgado
|
0-0: Ball 1-0: Ball 2-0: Fly out, F8 (Flyball, 8LD)
|
Batting: RHB Ricardo González
|
0-0: Called Strike 0-1: Fly out, F8 (Flyball, 8RD)
|
Top of the 5th over - 0 runs, 0 hits, 0 errors, 0 left on base; Jersey Shore 2 - Kenilworth 4 |
BOTTOM OF THE 5TH |
Kenilworth Aces batting - Pitching for Jersey Shore D-Bags : RHP Tom Cunningham
|
Batting: RHB Taylor McFarland
|
0-0: Called Strike 0-1: Ball 1-1: Ball 2-1: Fly out, F8 (Flyball, 8LS)
|
Batting: LHB Barrett Waters
|
0-0: SINGLE (Groundball, 6D)
|
Batting: RHB Andrés Lara
|
0-0: Called Strike Barrett Waters steals 2nd base 0-1: Ball 1-1: Ball 2-1: Fly out, F8 (Flyball, 8RM)
|
Batting: LHB Santiago Márquez
|
0-0: Called Strike 0-1: Ground out 4-3 (Groundball, 4)
|
Bottom of the 5th over - 0 runs, 1 hit, 0 errors, 1 left on base; Jersey Shore 2 - Kenilworth 4 |
TOP OF THE 6TH |
Jersey Shore D-Bags batting - Pitching for Kenilworth Aces : RHP Scot MacIntosh
|
Batting: LHB Dave Dodd
|
0-0: Called Strike 0-1: Ball 1-1: Foul Ball, location: 2F 1-2: Ball 2-2: Fly out, F7 (Flyball, 78M)
|
Batting: RHB Tetsunori Ito
|
0-0: Fly out, F9 (Flyball, 89D)
|
Batting: LHB António Cedeño
|
0-0: Ball 1-0: Ball 2-0: Ball 3-0: Base on Balls
|
Batting: RHB Ben Morton
|
0-0: Called Strike 0-1: Ball 1-1: Ball 2-1: Called Strike 2-2: Ball 3-2: Base on Balls António Cedeño to second
|
Batting: LHB Ray Bryant
|
0-0: Ball 1-0: Ball 2-0: Ground out 6-3 (Groundball, 6M)
|
Top of the 6th over - 0 runs, 0 hits, 0 errors, 2 left on base; Jersey Shore 2 - Kenilworth 4 |
BOTTOM OF THE 6TH |
Kenilworth Aces batting - Pitching for Jersey Shore D-Bags : RHP Tom Cunningham
|
Batting: LHB Roy Patrick
|
0-0: Ball 1-0: Ball 2-0: Foul Ball, location: 2F 2-1: Foul Ball, location: 2F 2-2: DOUBLE (Line Drive, 78S)
|
Pitching: RHP Iván Maldonado
|
|
Batting: SHB Julián Madrid
|
0-0: Called Strike 0-1: Ball 1-1: Swinging Strike 1-2: Foul Ball, location: 2F 1-2: Ball 2-2: Foul Ball, location: 2F 2-2: Ball 3-2: Base on Balls
|
Batting: RHB Jorge Jiménez
|
0-0: Called Strike 0-1: Fly out, F8 (Line Drive, 8RM)
|
Batting: RHB Wilbert Rodgers
|
0-0: SINGLE (Line Drive, 7LS) Roy Patrick to third Julián Madrid to second Runner from 3rd tries for Home, SAFE, throw made home
|
Batting: LHB Jim Jensen
|
0-0: Foul Ball, location: 2F 0-1: Foul Ball, location: 2F 0-2: Ball 1-2: Ball 2-2: SINGLE (Groundball, 34D) Julián Madrid to third Wilbert Rodgers to second
|
Batting: RHB Taylor McFarland
|
0-0: Ball 1-0: Ball 2-0: Fly out, F9 (Flyball, 89M) Runner from 3rd tags up, SCORES, throw made
|
Batting: LHB Barrett Waters
|
0-0: Called Strike 0-1: Ball 1-1: Ball 2-1: Ball 3-1: Swinging Strike 3-2: Foul Ball, location: 2F 3-2: SINGLE (Groundball, 4MD) Wilbert Rodgers to third Jim Jensen to second Wilbert Rodgers scores Jim Jensen to third
|
Batting: RHB Andrés Lara
|
Pickoff Throw to First - Error! E1 Jim Jensen scores Barrett Waters to second 0-0: Ball 1-0: Called Strike 1-1: Foul Ball, location: 2F 1-2: Foul Ball, location: 2F 1-2: SINGLE (Flyball, 56D) Barrett Waters to third Runner from 3rd tries for Home, SAFE, no throw
|
Batting: LHB Santiago Márquez
|
0-0: Ball Andrés Lara steals 2nd base 1-0: Ball 2-0: Ball 3-0: Base on Balls
|
Batting: LHB Roy Patrick
|
0-0: Ball 1-0: Foul Ball, location: 2F 1-1: Ball 2-1: Swinging Strike 2-2: Strikes out swinging
|
Bottom of the 6th over - 5 runs, 5 hits, 1 error, 2 left on base; Jersey Shore 2 - Kenilworth 9 |
TOP OF THE 7TH |
Jersey Shore D-Bags batting - Pitching for Kenilworth Aces : RHP Scot MacIntosh
|
Batting: RHB Francisco Sandoval
|
0-0: Ball 1-0: Ball 2-0: Called Strike 2-1: Called Strike 2-2: Ball 3-2: Strikes out swinging
|
Batting: RHB Tyler Wagner
|
0-0: Ball 1-0: Foul Ball, location: 2F 1-1: Foul Ball, location: 2F 1-2: Fly out, F8 (Line Drive, 89D)
|
Batting: LHB José Delgado
|
0-0: Ball 1-0: Ball 2-0: SINGLE (Line Drive, 7LM)
|
Pitching: RHP Pablo Cabral
|
|
Batting: RHB Ricardo González
|
0-0: Called Strike José Delgado steals 2nd base 0-1: Fly out, F3 (Popup, 3SF)
|
Top of the 7th over - 0 runs, 1 hit, 0 errors, 1 left on base; Jersey Shore 2 - Kenilworth 9 |
BOTTOM OF THE 7TH |
Kenilworth Aces batting - Pitching for Jersey Shore D-Bags : RHP Iván Maldonado
|
Batting: SHB Julián Madrid
|
0-0: Ball 1-0: Ball 2-0: DOUBLE (Flyball, 8RXD)
|
Batting: RHB Jorge Jiménez
|
0-0: Called Strike 0-1: Ball 1-1: Foul Ball, location: 2F 1-2: Ball 2-2: Foul Ball, location: 2F 2-2: Ground out U3 (Groundball, 3) Julián Madrid to third
|
Batting: RHB Wilbert Rodgers
|
0-0: Ball 1-0: Ball 2-0: Called Strike 2-1: Foul Ball, location: 2F 2-2: Fly out, F4 (Line Drive, 4)
|
Batting: LHB Jim Jensen
|
0-0: Ball 1-0: Foul Ball, location: 2F 1-1: Ball 2-1: Swinging Strike 2-2: Foul Ball, location: 2F 2-2: Foul Ball, location: 2F 2-2: SINGLE (Groundball, 6MD) Julián Madrid scores
|
Batting: RHB Taylor McFarland
|
0-0: Called Strike 0-1: Foul Ball, location: 2F 0-2: Ball 1-2: Ground out 4-3 (Groundball, 4)
|
Bottom of the 7th over - 1 run, 2 hits, 0 errors, 1 left on base; Jersey Shore 2 - Kenilworth 10 |
TOP OF THE 8TH |
Jersey Shore D-Bags batting - Pitching for Kenilworth Aces : RHP Pablo Cabral
|
Batting: LHB Dave Dodd
|
0-0: Called Strike 0-1: Ball 1-1: Ground out 6-3 (Groundball, 6)
|
Batting: RHB Tetsunori Ito
|
0-0: Ball 1-0: Ball 2-0: Called Strike 2-1: Fly out, F5 (Line Drive, 56)
|
Batting: LHB António Cedeño
|
0-0: Ball 1-0: Foul Ball, location: 2F 1-1: Ball 2-1: Swinging Strike 2-2: Ground out U3 (Groundball, 34)
|
Top of the 8th over - 0 runs, 0 hits, 0 errors, 0 left on base; Jersey Shore 2 - Kenilworth 10 |
BOTTOM OF THE 8TH |
Kenilworth Aces batting - Pitching for Jersey Shore D-Bags : RHP Iván Maldonado
|
Batting: LHB Barrett Waters
|
0-0: Ground out 4-3 (Groundball, 34D)
|
Batting: RHB Andrés Lara
|
0-0: Called Strike 0-1: Ground out 6-3 (Groundball, 6S)
|
Batting: LHB Santiago Márquez
|
0-0: Ball 1-0: Ball 2-0: Ball 3-0: Base on Balls
|
Batting: LHB Roy Patrick
|
0-0: Fly out, F8 (Flyball, 8LXD)
|
Bottom of the 8th over - 0 runs, 0 hits, 0 errors, 1 left on base; Jersey Shore 2 - Kenilworth 10 |
TOP OF THE 9TH |
Jersey Shore D-Bags batting - Pitching for Kenilworth Aces : RHP Pablo Cabral
|
Now at 1B: José Sánchez
|
|
Batting: RHB Ben Morton
|
0-0: Ball 1-0: Called Strike 1-1: Ball 2-1: Foul Ball, location: 2F 2-2: Ball 3-2: Foul Ball, location: 2F 3-2: Foul Ball, location: 2F 3-2: Base on Balls
|
Batting: LHB Ray Bryant
|
0-0: Ball 1-0: Grounds out, U3 (Groundball, 3L)
|
Batting: RHB Francisco Sandoval
|
0-0: Foul Ball, location: 2F 0-1: Ball Wild Pitch! Ben Morton to third 1-1: Ball 2-1: Swinging Strike 2-2: Ball 3-2: Fly out, F9 (Flyball, 89M) Runner from 3rd tags up, SCORES, no throw
|
Batting: RHB Tyler Wagner
|
0-0: Ball 1-0: Foul Ball, location: 2F 1-1: SINGLE (Flyball, 89M)
|
Batting: LHB José Delgado
|
0-0: SINGLE (Line Drive, 7LS) Tyler Wagner to second
|
Batting: RHB Ricardo González
|
0-0: Foul Ball, location: 2F 0-1: Ball 1-1: Ball 2-1: Fielders Choice at 2nd, 5-4 (Groundball, 56)
|
Top of the 9th over - 1 run, 2 hits, 0 errors, 2 left on base; Jersey Shore 3 - Kenilworth 10 |
|